 Seeded DCSS version 0.32-a0-886-g41c5271 (webtiles) character file.

Game seed: 4061798630863631340 (custom seed)

231 lyrin the Trooper (level 6, 0/48 HPs)
             Began as a Barachi Brigand on Apr 2, 2024.
             Slain by Pikel
             ... wielding a +0 whip of freezing
              (5 damage)
             ... on level 4 of the Dungeon.
             The game lasted 00:04:58 (3728 turns).

lyrin the Trooper (Barachi Brigand)                 Turns: 3728, Time: 00:04:59

Health: 0/48       AC:  4    Str: 12    XL:     6   Next: 3%
Magic:  6/6        EV: 12    Int: 11    God:
Gold:   186        SH:  0    Dex: 16    Spells: 5/5 levels left

rFire   . . .        t - +0 falchion
rCold   + . .        (no shield)
rNeg    . . .        b - +0 robe
rPois   .            (no helmet)
rElec   .            c - +0 cloak
rCorr   .            (no gloves)
SInv    .            s - +0 pair of boots
Will    .....        j - amulet of magic regeneration
Stlth   +++          i - ring of protection from cold
HPRegen 0.28/turn    (no ring)
MPRegen 0.50/turn

%: no passive effects
@: weakened, unable to hop, slow
A: amphibious, slowness 1, strong legs 1, +LOS
a: Hop


You were on level 4 of the Dungeon.
You visited 1 branch of the dungeon, and saw 6 of its levels.

You collected 186 gold pieces.

Inventory:

Hand Weapons
 a - a +2 dagger
 t - a +0 falchion (weapon)
Missiles
 d - 7 poisoned darts (quivered)
Armour
 b - a +0 robe (worn)
 c - a +0 cloak (worn)
 s - a +0 pair of boots (worn)
Jewellery
 i - a ring of protection from cold (left hand)
 j - an amulet of magic regeneration (around neck)
Scrolls
 g - 3 scrolls of identify {unknown}
 h - a scroll of teleportation {unknown}
 n - a scroll of enchant armour {unknown}
Potions
 f - a potion of heal wounds
 k - a potion of cancellation {unknown}
 l - a potion of ambrosia {unknown}
 m - a potion of enlightenment {unknown}
 o - a potion of might {unknown}
 p - 2 potions of curing {unknown}
 q - a potion of haste {unknown}
 r - a potion of attraction {unknown}


   Skills:
 + Level 4.0 Fighting
 + Level 3.8(4.0) Short Blades
 * Level 1.7(3.2) Long Blades
 + Level 2.6 Throwing
 + Level 3.5 Dodging
 - Level 3.6 Stealth


You had 5 spell levels left.
You didn't know any spells.
Your spell library contained the following spells:

 Spells                   Type           Power      Damage    Failure   Level
 Magic Dart               Conj           0%         1d3       34%         1
 Slow                     Hex            0%         N/A       34%         1
 Blink                    Tloc           0%         N/A       47%         2
 Call Imp                 Summ           0%         N/A       47%         2
 Call Canine Familiar     Summ           0%         N/A       71%         3
 Confusing Touch          Hex            0%         N/A       71%         3
 Sigil of Binding         Hex            0%         N/A       71%         3
 Vampiric Draining        Necr           0%         2d6       71%         3
 Dimensional Bullseye     Hex/Tloc       0%         N/A       98%         4
 Death Channel            Necr           0%         N/A       100%        6
 Sculpt Simulacrum        Ice/Alch       0%         N/A       100%        6


Dungeon Overview and Level Annotations

Branches:
Dungeon (6/15)
 Temple: D:4-7

Altars:
Ru
Trog
Vehumet

Annotations:
D:4 Pikel


Innate Abilities, Weirdness & Mutations

You are amphibious.
You cover ground slowly.
You can hop short distances.
You have an extended range of vision and can be seen from far away.


Message History

You feel your attacks grow feeble.
The gnoll bouda gazes fiercely through you!
You feel as though you will be weak longer.
There is a stone staircase leading down here.
The gnoll bouda gazes fiercely through you!
You feel as though you will be weak longer.
You climb downwards.
The orc shouts!
You hear a shout!
Found an Everburning Encyclopedia.
Found two stone staircases leading down.
There is a stone staircase leading up here.
You climb upwards.
There is a stone staircase leading down here.
Unknown command.
The gnoll is no longer moving quickly.
The gnoll bouda barks out a call to the hunt!
The gnoll picks up the pace!
Your attacks no longer feel as feeble.
The gnoll bouda gazes fiercely through you!
You feel your attacks grow feeble.
You see here a hound skeleton.
The gnoll bouda attacks as it pursues you!
The gnoll bouda barely misses you.
There is a stone staircase leading up here.
The gnoll hits you but does no damage.
The gnoll bouda hits you with a +0 whip!
* * * LOW HITPOINT WARNING * * *
You climb upwards.
Level annotation: Pikel Pikel hits you with a +0 whip of freezing.
* * * LOW HITPOINT WARNING * * *
Pikel freezes you.
* * * LOW HITPOINT WARNING * * *
A lemure comes into view. x2
Pikel misses you.
There is a stone staircase leading down, spattered with blood here.
Your legs are too worn out to hop.
Pikel hits you with a +0 whip of freezing.
You die...
Pikel says, "Another soul for the market."

# .# (# ##.# ...# ...#
..?#
###############...#
.[(.....(....@g#
###.#$..####.K........
#.#...# #...#.#####
#.#...# ....# ..
#######.#...#.##...#
#.#
+.........../..5...#
..
#.#####.#####.#.5..# #
#.............S#...#
#....##.########...#


You could see Pikel, 2 lemures and a gnoll bouda.

Vanquished Creatures
  2 lemures (D:5)
  A howler monkey (D:5)
  A hound (D:5)
  An orc priest (D:3)
  An orc wizard (D:3)
  3 adders
  A gnoll (D:5)
  2 dart slugs
  2 ribbon worms
  4 orcs
  6 ball pythons
  5 bats
  5 endoplasms
  4 giant cockroaches
  5 goblins
  5 hobgoblins
  3 jackals (D:3)
  4 quokkas
  3 frilled lizards
  3 kobolds
  4 rats
65 creatures vanquished.

Notes
Turn   | Place    | Note
-------+----------+-------------------------------------------
     0 | D:1      | lyrin the Barachi Brigand began the quest for the Orb.
     0 | D:1      | Reached XP level 1. HP: 17/17 MP: 1/1
   211 | D:1      | Reached XP level 2. HP: 16/23 MP: 2/2
   888 | D:2      | Reached skill level 3 in Fighting
   888 | D:2      | Reached XP level 3. HP: 28/29 MP: 3/3
  1906 | D:3      | Reached XP level 4. HP: 26/35 MP: 4/4
  1965 | D:3      | Found a radiant altar of Vehumet.
  2018 | D:3      | Found a sacrificial altar of Ru.
  2661 | D:3      | Reached XP level 5. HP: 9/42 MP: 5/5
  3186 | D:4      | Found a bloodstained altar of Trog.
  3261 | D:4      | Noticed a lemure
  3266 | D:4      | Noticed a lemure
  3268 | D:4      | Noticed Pikel
  3279 | D:5      | Entered Level 5 of the Dungeon
  3421 | D:5      | Killed a lemure
  3435 | D:5      | Killed a lemure
  3694 | D:5      | Reached skill level 4 in Fighting
  3694 | D:5      | Reached skill level 1 in Long Blades
  3701 | D:5      | Reached XP level 6. HP: 14/48 MP: 6/6
  3728 | D:4      | Slain by Pikel

Illustrated notes

Levels and vault maps discovered:
D:1:      dpeg_arrival_rooms_b, layout_loops_cross, serial_aquarium,
          aquarium_bridge_straight [aquarium_subvault_bridge,
          aquarium_subvault_window, aquarium_subvault_bridge,
          aquarium_subvault_wall], aquarium_bridge_straight
          [aquarium_subvault_bridge, aquarium_subvault_balcony,
          aquarium_subvault_bridge, aquarium_subvault_wall],
          aquarium_window_fake, aquarium_window_2, aquarium_window_fake,
          aquarium_view_2d, aquarium_view_2c
D:2:      layout_rooms, kennysheep_generic_room_12
D:3:      layout_rooms, fiery_altar_vehumet, nicolae_ru_great_annihilating_truth
D:4:      layout_basic, lightli_temple_of_fire, uniq_pikel
D:5:      layout_basic
D:6:      kennysheep_kobold_camp, layout_cave_pools, minmay_temple_entry_grid,
          uniq_duvessa

Skill      XL: |  1  2  3  4  5 |
---------------+----------------+-----
Fighting       | 3 4 |  4.0
Short Blades   | 3 |  3.8
Dodging        | 2 3 |  3.5
Long Blades    | 1 |  1.7
Throwing       | |  2.6
Stealth        | |  3.6

Action                     |  1- 3 |  4- 6 || total
---------------------------+-------+-------++-------
  Melee: Dagger            |   147 |    60 ||   207
         Falchion          |       |    77 ||    77
  Throw: Dart              |       |     8 ||     8
Ability: Hop               |       |     4 ||     4
    Use: Potion            |       |     1 ||     1
   Stab: Sleeping          |     9 |     4 ||    13
 Armour: Robe              |    74 |   139 ||   213
  Dodge: Dodged            |    60 |   115 ||   175

Table legend: (Time is in decaauts)
 A = Elapsed time spent in this place.
 B = Non-inter-level travel time spent in this place.
 C = Inter-level travel time spent in this place.
 D = Time resting spent in this place.
 E = Time spent auto-exploring this place.
 F = Levels seen in this place.
 G = Mean time per level.
                   A        B        C        D        E       F      G
               +--------+--------+--------+--------+--------+-----+--------+
         Total |   4068 |   3980 |     88 |   1114 |   1934 |   6 |  678.0 |
       Dungeon |   4068 |   3980 |     88 |   1114 |   1934 |   6 |  678.0 |
               +--------+--------+--------+--------+--------+-----+--------+

Top non-repeatable levels by time:
     D:2: 1558 daAuts
     D:3: 933 daAuts
     D:1: 755 daAuts
     D:5: 460 daAuts
     D:4: 359 daAuts
     D:6: 1 daAuts
